 Dungeon Crawl Stone Soup version 0.32-a0-918-g0f22ef8d61 (webtiles) character file.

Game seed: 6471890824218525467

17466 PriceMaster the Skirmisher (level 12, -9/61 HPs)
             Began as a Spriggan Earth Elementalist on Apr 11, 2024.
             Shot with an arrow by a centaur warrior (21 damage)
             ... on level 13 of the Dungeon on Apr 12, 2024.
             The game lasted 00:20:54 (14664 turns).

PriceMaster the Skirmisher (SpEE)                  Turns: 14664, Time: 00:20:55

Health: -9/61      AC:  8    Str:  7    XL:     12   Next: 19%
Magic:  9/25       EV: 18    Int: 21    God:
Gold:   919        SH:  5    Dex: 16    Spells: 16/28 levels left

rFire   . . .        j - +7 orcbow of Balance {freeze, *Corrode rC+ Str+3}
rCold   + . .        (shield currently unavailable)
rNeg    . . .        a - +0 robe
rPois   .            (helmet restricted)
rElec   .            z - +1 cloak {Stlth+}
rCorr   .            (gloves unavailable)
SInv    +            (boots unavailable)
Will    ++...        I - amulet of reflection
Stlth   ++++         c - +4 ring of protection
HPRegen 0.30/turn    G - ring of wizardry
MPRegen 0.19/turn

%: corrode self (3%), reflection, wizardry (x1)
@: radiating poison, studying Fire Magic, very quick
A: very small, no large weapons, unfitting armour, see invisible, speed 3
a: no special abilities


You were on level 13 of the Dungeon.
You visited 1 branch of the dungeon, and saw 13 of its levels.

You collected 919 gold pieces.

Inventory:

Hand Weapons
 b - a +1 heavy flail
 j - the +7 orcbow of Balance (weapon) {freeze, *Corrode rC+ Str+3}
   (You found it on level 5 of the Dungeon)

   Str+3:     It affects your strength (+3).
   rC+:       It protects you from cold.
   *Corrode:  It may corrode you when you take damage.
 y - the +0 hammer "Newt's Death Toll" {flame, +Blink rF+ rCorr}
   (You found it on level 5 of the Dungeon)

   rF+:       It protects you from fire.
   +Blink:    It lets you blink.
   rCorr:     It protects you from acid and corrosion.
 T - the +6 long sword of Tollunti {elec, Int+4 Dex-4}
   (You found it on level 11 of the Dungeon)

   Int+4:     It affects your intelligence (+4).
   Dex-4:     It affects your dexterity (-4).
Missiles
 x - 3 throwing nets
Armour
 a - a +0 robe (worn)
 z - a +1 cloak of stealth (worn)
 S - a +0 troll leather armour
Jewellery
 c - a +4 ring of protection (left hand)
 f - an amulet of faith
 p - a +5 ring of evasion
 s - a ring of poison resistance
 v - a ring of ice
 C - a ring of positive energy
 G - a ring of wizardry (right hand)
 I - an amulet of reflection (around neck)
Talismans
 g - a talisman of death
Wands
 n - a wand of flame (22)
 r - a wand of charming (12)
 B - a wand of roots (10)
 H - a wand of polymorph (14)
 N - a wand of light (5)
Scrolls
 d - 7 scrolls of teleportation
 e - a scroll of enchant weapon {unknown}
 k - 3 scrolls of brand weapon
 o - a scroll of noise
 q - 4 scrolls of enchant armour
 w - 2 scrolls of revelation
 D - 5 scrolls of immolation
 E - a scroll of acquirement
 F - 2 scrolls of poison
 J - a scroll of butterflies {unknown}
 L - 5 scrolls of identify
 M - a scroll of fog {unknown}
 O - a scroll of amnesia
 P - a scroll of silence
Potions
 h - 2 potions of lignification {unknown}
 i - a potion of attraction {unknown}
 l - 3 potions of might {unknown}
 m - 2 potions of brilliance {unknown}
 t - 2 potions of haste {unknown}
 u - 2 potions of curing
 A - 5 potions of enlightenment {unknown}
 K - 3 potions of degeneration {unknown}
 R - a potion of magic
Miscellaneous
 Q - a box of beasts


   Skills:
 * Level 6.1 Fighting
 * Level 12.1 Ranged Weapons
 + Level 5.3 Dodging
 + Level 4.1 Stealth
 + Level 0.5 Shields
 + Level 8.9 Spellcasting
 + Level 3.1 Conjurations
 + Level 6.8 Earth Magic
 + Level 2.6 Alchemy
 + Level 0.3 Evocations
 * Level 9.8 Shapeshifting


You had 16 spell levels left.
You knew the following spells:

 Your Spells              Type           Power      Damage    Failure   Level
a - Sandblast             Erth           76%        2d16      1%          1
b - Stone Arrow           Conj/Erth      60%        3d10      1%          3
c - Olgreb's Toxic Radia  Alch           20%        N/A       10%         4
d - Petrify               Alch/Erth      29%        N/A       4%          4

Your spell library contained the following spells:

 Spells                   Type           Power      Damage    Failure   Level
 Sting                    Conj/Alch      84%        1d8       1%          1
 Passwall                 Erth           38%        N/A       1%          3
 Mercury Vapours          Alch/Air       28%        N/A       2%          2
 Call Imp                 Summ           18%        N/A       4%          2
 Sublimation of Blood     Necr           9%         N/A       4%          2
 Brom's Barrelling Bould  Conj/Erth      30%        2d5       4%          4
 Summon Hydra             Summ           4%         N/A       100%        7


Dungeon Overview and Level Annotations

Branches:
Dungeon (13/15)            Temple (0/1) D:5            Lair (0/5) D:11
    Orc (0/2) D:10
 Vaults: D:13-14

Altars:
Ashenzari
Wu Jian
The Shining One

Shops:
D:5 *   D:10 ?

Portals:
Abyss: D:7

Annotations:
D:7 2 transporters, pokedragonboy's ghost, novice DsFi
D:12 4 transporters


Innate Abilities, Weirdness & Mutations

You are very small and have problems with some larger weapons.
You are too small for most types of armour.
You have supernaturally acute eyesight. (SInv)
You cover ground extremely quickly. (Speed+++)


Message History

Aiming: Sandblast (safe; 1% risk of failure)
Press: ? - help, Shift-Dir - straight line, f/p - slime creature
Aim: a slime creature (severely wounded, 96% to hit)
The blast of sand hits the slime creature!!
The slime creature is almost dead.
Unknown command.
Casting: Sandblast (safe; 1% risk of failure)
Confirm with . or Enter, or press ? or * to list all spells.
Aiming: Sandblast (safe; 1% risk of failure)
Press: ? - help, Shift-Dir - straight line, f/p - slime creature
Aim: a slime creature (almost dead, 96% to hit)
The blast of sand hits the slime creature.
The slime creature is almost dead.
The slime creature closely misses you. The slime creature hits you.
Unknown command.
You shoot an arrow. The arrow hits the slime creature.
The arrow freezes the slime creature.
You kill the slime creature!
No target in view!
You start resting.
A purple ugly thing comes into view.
The purple ugly thing moves out of view.
You start resting.
A purple ugly thing is nearby!
A purple ugly thing is nearby!
A centaur warrior and a deep elf pyromancer come into view.
The centaur warrior shouts!
The centaur warrior wields a +0 shortbow.
The centaur warrior shoots an arrow.
The arrow hits you!!
Casting: Sandblast (safe; 1% risk of failure)
Confirm with . or Enter, or press ? or * to list all spells.
You begin to radiate toxic energy.
The centaur warrior is poisoned.
The purple ugly thing is poisoned.
The deep elf pyromancer shouts!
The deep elf pyromancer is poisoned.
The purple ugly thing looks even sicker.
The centaur warrior shoots an arrow.
The arrow hits you!!
* * * LOW HITPOINT WARNING * * *
The centaur warrior shoots an arrow.
The arrow hits you!!
You die...

#...........+
............#
#..........#
#.<....#
#......###
####....^....
#............
+...........#
#...@.......#
...............#
c..u|..........#
.......#########
.e.#### ... .


You could see a purple ugly thing (very poisoned), a centaur warrior (poisoned)
and a deep elf pyromancer (poisoned).

Vanquished Creatures
  A centaur warrior (D:11)
  A two-headed ogre (D:9)
  2 tengu warriors (D:11)
  A boulder beetle (D:11)
  2 skeletal warriors (D:11)
  Pikel (D:5)
  A deep elf pyromancer (D:11)
  Maurice (D:8)
  3 cyclopes (D:11)
  An unseen horror (D:12)
  2 kobold demonologists
  An efreet (D:11)
  Jeremiah (D:9)
  A komodo dragon (D:12)
  6 trolls
  2 shadows
  8 slime creatures
  A wyvern (D:9)
  6 yaks
  3 vampires
  3 wraiths (D:11)
  4 vampire mosquitoes (D:12)
  Edmund (D:5)
  An acid dragon (D:8)
  A water moccasin (D:6)
  An ice beast (D:7)
  A sky beast (D:7)
  A black bear (D:6)
  An orc warrior (D:8)
  5 centaurs
  An ogre (D:6)
  2 lemures (D:5)
  A gnoll sergeant (D:7)
  2 kobold brigands
  7 scorpions
  5 wights (D:6)
  21 killer bees
  3 howler monkeys
  2 electric eels (D:10)
  2 bombardier beetles
  2 hounds
  5 orc priests
  Crazy Yiuf (D:5)
  A jelly (D:5)
  An iguana (D:7)
  14 orc wizards
  3 gnolls (D:7)
  3 adders
  A white imp (D:6)
  3 dart slugs
  3 ribbon worms
  37 orcs
  5 endoplasms
  3 giant cockroaches
  9 hobgoblins
  15 kobolds
  8 quokkas
  8 ball pythons
  4 bats (D:1)
  2 frilled lizards
  4 goblins (D:2)
  3 rats
245 creatures vanquished.

Vanquished Creatures (others)
  A manticore (D:12)
1 creature vanquished.

Grand Total: 246 creatures vanquished

Notes
Turn   | Place    | Note
-------+----------+-------------------------------------------
     0 | D:1      | PriceMaster the Spriggan Earth Elementalist began the quest
                  | for the Orb.
     0 | D:1      | Reached XP level 1. HP: 9/9 MP: 5/5
    45 | D:1      | Found a faded altar of an unknown god.
   220 | D:1      | Reached XP level 2. HP: 13/13 MP: 4/7
  1085 | D:2      | Reached skill level 1 in Shapeshifting
  1085 | D:2      | Reached XP level 3. HP: 14/16 MP: 1/8
  1089 | D:2      | Learned a level 3 spell: Stone Arrow
  2674 | D:3      | Reached XP level 4. HP: 21/21 MP: 6/10
  3260 | D:4      | Noticed a scorpion
  3423 | D:4      | Killed a scorpion
  3424 | D:4      | Reached XP level 5. HP: 24/24 MP: 4/12
  3944 | D:5      | Entered Level 5 of the Dungeon
  3966 | D:5      | Noticed Edmund
  3988 | D:5      | Killed Edmund
  3989 | D:5      | Reached skill level 5 in Spellcasting
  3989 | D:5      | Reached XP level 6. HP: 7/28 MP: 0/14
  4095 | D:5      | Found a staircase to the Ecumenical Temple.
  4144 | D:5      | Noticed Pikel
  4153 | D:5      | Identified the +7 orcbow of Balance {freeze, *Corrode rC+
                  | Str+3}
  4210 | D:5      | Killed Pikel
  4211 | D:5      | Reached skill level 1 in Ranged Weapons
  4211 | D:5      | Reached skill level 1 in Conjurations
  4211 | D:5      | Reached skill level 5 in Earth Magic
  4211 | D:5      | Reached XP level 7. HP: 13/32 MP: 1/17
  4759 | D:5      | Found a runed translucent door.
  4760 | D:5      | Noticed Crazy Yiuf
  4806 | D:5      | Reached skill level 1 in Fighting
  4806 | D:5      | Reached skill level 2 in Ranged Weapons
  4846 | D:5      | Reached XP level 8. HP: 37/37 MP: 18/18
  4868 | D:5      | Found Migrop's Lightly-Used Armoury.
  5023 | D:5      | Reached skill level 3 in Ranged Weapons
  5090 | D:5      | You fall into a shaft and drop 1 floor!
  5136 | D:6      | Reached skill level 4 in Ranged Weapons
  5421 | D:6      | Reached skill level 5 in Ranged Weapons
  5421 | D:6      | Reached skill level 5 in Shapeshifting
  5646 | D:6      | Reached skill level 6 in Ranged Weapons
  5749 | D:6      | Reached XP level 9. HP: 43/43 MP: 9/19
  6302 | D:5      | Killed Crazy Yiuf
  6316 | D:5      | Identified the +0 hammer "Newt's Death Toll" {flame, +Blink
                  | rF+ rCorr}
  6644 | D:7      | Found a broken altar of Ashenzari.
  6786 | D:7      | Found a transporter.
  6944 | D:7      | Reached skill level 7 in Ranged Weapons
  7086 | D:7      | Noticed an ancient zyme
  7096 | D:7      | Found a one-way gate to the infinite horrors of the Abyss.
  7096 | D:7      | Noticed pokedragonboy's ghost (novice DsFi)
  7115 | D:7      | Found a transporter.
  7322 | D:8      | Noticed Maurice
  7375 | D:8      | Maurice stole a ring of wizardry
  7389 | D:8      | Killed Maurice
  7892 | D:8      | Reached skill level 8 in Ranged Weapons
  8274 | D:9      | Reached XP level 10. HP: 49/49 MP: 4/21
  8553 | D:9      | Noticed a two-headed ogre
  8558 | D:9      | Killed a two-headed ogre
  8780 | D:9      | Reached skill level 9 in Ranged Weapons
  9183 | D:9      | Noticed Jeremiah
  9188 | D:9      | Killed Jeremiah
  9405 | D:9      | Found a glowing golden altar of the Shining One.
  9838 | D:10     | Entered Level 10 of the Dungeon
  9908 | D:10     | Found Fapogav's Magic Scroll Boutique.
 10175 | D:10     | Reached skill level 10 in Ranged Weapons
 10486 | D:10     | Found a staircase to the Orcish Mines.
 10688 | D:10     | Identified a scroll of acquirement
 10690 | D:10     | Acquired a manual of Fire Magic
 10697 | D:10     | Learned a level 4 spell: Olgreb's Toxic Radiance
 10834 | D:11     | Found a staircase to the Lair.
 10846 | D:11     | Reached skill level 5 in Fighting
 11033 | D:11     | Reached XP level 11. HP: 55/55 MP: 19/23
 11224 | D:11     | Noticed a skeletal warrior
 11260 | D:11     | Killed a skeletal warrior
 11329 | D:11     | Noticed a boulder beetle
 11353 | D:11     | Killed a boulder beetle
 11570 | D:11     | Noticed a centaur warrior
 11572 | D:11     | Noticed a deep elf pyromancer
 11576 | D:11     | Killed a centaur warrior
 11577 | D:11     | Reached skill level 1 in Alchemy
 11585 | D:11     | Noticed a skeletal warrior
 11612 | D:11     | Killed a deep elf pyromancer
 11717 | D:11     | Killed a skeletal warrior
 11718 | D:11     | Reached skill level 11 in Ranged Weapons
 11900 | D:11     | Noticed a tengu warrior
 11925 | D:11     | Killed a tengu warrior
 12215 | D:11     | Noticed a tengu warrior
 12677 | D:11     | Killed a tengu warrior
 12974 | D:11     | Identified the +6 long sword of Tollunti {elec, Int+4
                  | Dex-4}
 13383 | D:11     | Learned a level 4 spell: Petrify
 13483 | D:12     | Found an ornate altar of the Wu Jian Council.
 13483 | D:12     | Found a transporter.
 13496 | D:12     | Reached skill level 5 in Dodging
 13497 | D:12     | Reached skill level 12 in Ranged Weapons
 13505 | D:12     | Found a transporter.
 13516 | D:12     | Reached XP level 12. HP: 58/61 MP: 1/25
 13643 | D:12     | Found a transporter.
 13643 | D:12     | Noticed a vault guard
 13643 | D:12     | Noticed a vault guard
 13675 | D:12     | Found a transporter.
 13676 | D:12     | Noticed a vault warden
 14663 | D:13     | Noticed a centaur warrior
 14664 | D:13     | Shot with an arrow by a centaur warrior

Illustrated notes

Levels and vault maps discovered:
D:1:      lightli_arrival_lavapool, layout_basic,
          chequers_ecumenical_altar_twisty
D:2:      layout_basic, st_stairs_1
D:3:      layout_rooms, lemuel_flame_loot_1
D:4:      layout_loops_ring
D:5:      layout_basic, minmay_temple_entry_glassed_door, minmay_shop_damaged,
          corexii_checkpoint, uniq_crazy_yiuf_cottage, uniq_pikel, uniq_edmund
D:6:      layout_basic, hangedman_abyss_or_decor_lesser_grid,
          serial_bayou_pond_d
D:7:      layout_basic, ashenzari_altar_1, serial_rivers,
          chequers_serial_rivers_small_a, chequers_serial_rivers_micro_b,
          chequers_serial_rivers_room_a, chequers_serial_rivers_large_b,
          gammafunk_ghost_abyssal_escape
D:8:      layout_basic, kennysheep_mini_moat, uniq_maurice
D:9:      layout_stronghold, nicolae_tso_carved_into_rock, uniq_jeremiah
D:10:     layout_basic, orc_0_dummy, serial_shops, nicolae_shop_tiny_glass
D:11:     minmay_the_grid_four_pointed_star
          [minmay_the_grid_triangle_9x9_from_above,
          minmay_the_grid_triangle_9x9_thin_v,
          minmay_the_grid_triangle_9x9_checkered,
          minmay_the_grid_triangle_9x9_skeleton,
          minmay_the_grid_prize_four_corners], layout_basic
D:12:     dreamdust_wu_jian_sword_trials, layout_cave_pools
D:13:     layout_irregular_city, hellmonk_vaults_attempted_burglary

Skill      XL: |  1  2  3  4  5  6  7  8  9 10 11 |
---------------+----------------------------------+-----
Earth Magic    | 3 4 5 6 |  6.8
Spellcasting   | 3 4 5 6 7 8 |  8.9
Shapeshifting  | 1 2 4 5 6 8 9 |  9.8
Dodging        | 3 4 5 |  5.3
Ranged Weapons | 1 2 6 8 10 12 | 12.1
Conjurations   | 1 2 3 |  3.1
Fighting       | 1 2 3 5 6 |  6.1
Stealth        | 4 |  4.1
Alchemy        | 2 |  2.6
Shields        | |  0.5
Evocations     | |  0.3

Action                     |  1- 3 |  4- 6 |  7- 9 | 10-12 || total
---------------------------+-------+-------+-------+-------++-------
  Melee: Unarmed           |     6 |       |       |       ||     6
   Fire: Orcbow            |       |     8 |   213 |   286 ||   507
   Cast: Sandblast         |    68 |    34 |     1 |     8 ||   111
         Stone Arrow       |     2 |    14 |    37 |    78 ||   131
         Olgreb's Toxic Ra |       |       |       |    27 ||    27
         Petrify           |       |       |       |     9 ||     9
  Evoke: Wand              |       |       |       |     3 ||     3
    Use: Scroll            |     4 |     1 |       |    10 ||    15
         Potion            |     1 |     1 |       |     1 ||     3
 Armour: Robe              |     6 |    21 |    33 |    97 ||   157
  Dodge: Dodged            |    23 |    30 |    57 |   160 ||   270
  Block: Other             |       |       |     2 |    39 ||    41
         Reflection        |       |       |     2 |     4 ||     6

Table legend: (Time is in decaauts)
 A = Elapsed time spent in this place.
 B = Non-inter-level travel time spent in this place.
 C = Inter-level travel time spent in this place.
 D = Time resting spent in this place.
 E = Time spent auto-exploring this place.
 F = Levels seen in this place.
 G = Mean time per level.
                   A        B        C        D        E       F      G
               +--------+--------+--------+--------+--------+-----+--------+
         Total |  11476 |  11047 |    429 |   2546 |   6738 |  13 |  882.8 |
       Dungeon |  11476 |  11047 |    429 |   2546 |   6738 |  13 |  882.8 |
               +--------+--------+--------+--------+--------+-----+--------+

Top non-repeatable levels by time:
    D:11: 2163 daAuts
     D:9: 1336 daAuts
     D:5: 1077 daAuts
     D:2: 1045 daAuts
    D:12: 1012 daAuts
     D:6: 799 daAuts
    D:10: 743 daAuts
     D:4: 724 daAuts
     D:8: 685 daAuts
     D:1: 672 daAuts
     D:7: 615 daAuts
     D:3: 517 daAuts
    D:13: 83 daAuts
